 Dungeon Crawl Stone Soup version 0.31.0-1-g2c135a0 (webtiles) character file.

Game seed: 564887156074387564

31832 cheolkong the Thaumaturge (level 13, -1/99 HPs)
             Began as a Gnoll Alchemist on Mar 15, 2024.
             Was an Initiate of Gozag.
             Incinerated by a deep elf pyromancer (16 damage)
             ... with a pyre arrow
             ... on level 14 of the Dungeon.
             The game lasted 01:18:15 (18187 turns).

cheolkong the Thaumaturge (Gnoll Alchemist)        Turns: 18187, Time: 01:18:16

Health: -1/99      AC: 19    Str:  7    XL:     13   Next: 60%
Magic:  31/36      EV: 21    Int: 20    God:    Gozag
Gold:   3386       SH:  0    Dex: 13    Spells: 18/32 levels left

rFire   . . .        v - +3 scimitar (flame)
rCold   . . .        L - orb {guile}
rNeg    . . .        g - +5 robe of Misfortune {Harm *Corrode *Slow EV+5}
rPois   .            J - +2 hat
rElec   .            f - +2 cloak
rCorr   .            c - +1 pair of gloves
SInv    .            Y - +3 pair of seven-league boots {Rampage+∞}
Will    .....        K - amulet of regeneration
Stlth   ++           S - ring of magical power
HPRegen 1.16/turn    O - +4 ring of slaying
MPRegen 0.25/turn

%: corrode self (3%), slow self (1%), harm (+30% outgoing, +20% incoming),
rampage+∞
@: on fire, gold aura, glowing
A: fangs 1, strong nose, distributed training
a: Renounce Religion, Potion Petition, Call Merchant, Bribe Branch


You were on level 14 of the Dungeon.
You worshipped Gozag.
Gozag was most pleased with you.
You visited 2 branches of the dungeon, and saw 15 of its levels.

You collected 3450 gold pieces.
You paid 64 gold pieces to Gozag.

Inventory:

Hand Weapons
 n - a +3 quarterstaff of chaos
 v - a +3 scimitar of flaming (weapon)
 R - a +4 scimitar of freezing
Missiles
 a - 2 throwing nets
Armour
 c - a +1 pair of gloves (worn)
 d - a +2 plate armour of fire resistance
 f - a +2 cloak (worn)
 g - the +5 robe of Misfortune (worn) {Harm *Corrode *Slow EV+5}
   (You found it on level 2 of the Dungeon)

   EV+5:      It affects your evasion (+5).
   *Corrode:  It may corrode you when you take damage.
   *Slow:     It may slow you when you take damage.
   Harm:      It increases damage dealt and taken.
 p - a +3 scale mail of cold resistance
 w - a +0 kite shield
 J - a +2 hat (worn)
 L - an orb of guile (worn)
 U - an orb of mayhem
 Y - the +3 pair of seven-league boots (worn) {Rampage+∞}
   (You found it on level 10 of the Dungeon)

   Rampage+∞: When moving toward enemies, its wearer moves as far as possible,
   alerting their target en route.
Magical Staves
 F - a staff of earth
Jewellery
 B - an amulet of guardian spirit
 G - a ring of poison resistance
 K - an amulet of regeneration (around neck)
 O - a +4 ring of slaying (right hand)
 S - a ring of magical power (left hand)
Talismans
 y - a granite talisman
Wands
 l - a wand of flame (40)
 o - a wand of roots (4)
 I - a wand of mindburst (9)
 Q - a wand of polymorph (11)
 W - a wand of acid (4)
Scrolls
 e - 2 scrolls of butterflies {unknown}
 h - 2 scrolls of teleportation (quivered)
 i - 6 scrolls of poison
 k - 3 scrolls of vulnerability {unknown}
 r - 9 scrolls of fog
 t - 5 scrolls of immolation {unknown}
 C - 4 scrolls of blinking {unknown}
 E - 7 scrolls of revelation
 N - a scroll of enchant armour {unknown}
 P - 3 scrolls of amnesia {unknown}
 V - a scroll of brand weapon {unknown}
 X - a scroll of noise {unknown}
Potions
 b - a potion of magic
 j - a potion of lignification {unknown}
 m - 2 potions of attraction {unknown}
 q - 2 potions of curing
 s - a potion of resistance {unknown}
 u - 3 potions of degeneration
 x - 2 potions of mutation {unknown}
 z - 2 potions of might {unknown}
 A - a potion of brilliance {unknown}
 D - 3 potions of invisibility {unknown}
 H - 3 potions of berserk rage
 M - 3 potions of heal wounds {unknown}
 Z - a potion of haste {unknown}
Miscellaneous
 T - a phial of floods


   Skills:
 + Level 8.7 Fighting
 + Level 8.7 Short Blades
 + Level 8.7 Long Blades
 + Level 8.7 Axes
 + Level 8.7 Maces & Flails
 + Level 8.7 Polearms
 + Level 8.7 Staves
 + Level 8.7 Ranged Weapons
 + Level 8.7 Throwing
 + Level 8.7 Armour
 + Level 9.9 Dodging
 + Level 9.7 Stealth
 + Level 8.7 Shields
 + Level 8.7 Unarmed Combat
 + Level 10.1 Spellcasting
 + Level 7.6 Conjurations
 + Level 7.3 Hexes
 + Level 7.3 Summonings
 + Level 7.3 Necromancy
 + Level 7.3 Translocations
 + Level 7.3 Fire Magic
 + Level 7.3 Ice Magic
 + Level 7.3 Air Magic
 + Level 7.3 Earth Magic
 + Level 9.2 Alchemy
 + Level 9.6 Invocations
 + Level 8.7 Evocations
 + Level 8.0 Shapeshifting


You had 18 spell levels left.
You knew the following spells:

 Your Spells              Type           Power      Damage    Failure   Level
a - Sting                 Conj/Alch      100%       1d9       1%          1
b - Mercury Vapours       Alch/Air       86%        N/A       1%          2
c - Mephitic Cloud        Conj/Alch/Air  42%        N/A       1%          3
d - Olgreb's Toxic Radia  Alch           47%        N/A       1%          4
e - Sticky Flame          Fire/Alch      43%        2d8       2%          4

Your spell library contained the following spells:

 Spells                   Type           Power      Damage    Failure   Level
 Freeze                   Ice            100%       1d10      1%          1
 Frozen Ramparts          Ice            78%        1d12      1%          3
 Gell's Gravitas          Tloc           39%        N/A       1%          3
 Hailstorm                Conj/Ice       40%        3d9       1%          3
 Teleport Other           Tloc           39%        N/A       1%          3
 Vhi's Electric Charge    Tloc/Air       78%        N/A       3%          4
 Arcjolt                  Conj/Air       20%        1d30      9%          5
 Dispersal                Tloc           19%        N/A       45%         6
 Haunt                    Necr/Summ      19%        N/A       96%         7
 Borgnjor's Revivificati  Necr           19%        N/A       100%        8
 Maxwell's Capacitive Co  Air            19%        ∞         100%        8
 Death's Door             Necr           19%        N/A       100%        9


Dungeon Overview and Level Annotations

Branches:
Dungeon (14/15)            Temple (0/1) D:6            Lair (0/5) D:11
    Orc (1/2) D:9          Vaults (0/5) D:14

Altars:
Ashenzari
Gozag
Makhleb
Okawaru
Qazlal
Sif Muna
Vehumet
Zin

Shops:
D:3 *   D:4 (

Annotations:
D:11 3 runed translucent doors, KillerQueen's ghost, journeyman MiFi


Innate Abilities, Weirdness & Mutations

You have very sharp teeth.
Your uncanny sense of smell can sniff out nearby items.
Your experience applies equally to all skills.


Message History

Casting: Mercury Vapours (safe; 1% risk of failure)
Confirm with . or Enter, or press ? or * to list all spells.
Aiming: Sting (safe; 1% risk of failure)
Press: ? - help, Shift-Dir - straight line, f - deep elf pyromancer
Aim: a deep elf pyromancer, wielding a +0 long sword and wearing a +0 ring mail (weak, 72% to hit)
The sting hits the deep elf pyromancer but does no damage.
The deep elf pyromancer is poisoned.
The liquid fire burns you!
The deep elf pyromancer hits you but does no damage.
You closely miss the deep elf pyromancer.
Your bite misses the deep elf pyromancer.
The liquid fire burns you!
The deep elf pyromancer completely misses you.
You slash the deep elf pyromancer! You burn the deep elf pyromancer.
You bite the deep elf pyromancer, but do no damage.
The deep elf pyromancer is heavily wounded.
The liquid fire burns you!
The deep elf pyromancer hits you with a +0 long sword.
You barely miss the deep elf pyromancer.
You bite the deep elf pyromancer, but do no damage.
The deep elf pyromancer is heavily wounded.
The liquid fire burns you!
The deep elf pyromancer gestures at you while chanting.
The pyre arrow hits you.
You are even more covered in intense liquid fire!
You barely miss the deep elf pyromancer.
You bite the deep elf pyromancer, but do no damage.
The deep elf pyromancer is heavily wounded.
The liquid fire burns you!
* * * LOW HITPOINT WARNING * * *
The deep elf pyromancer mumbles some strange words.
The deep elf pyromancer blinks!
Aiming: Mindburst
Press: ? - help, Shift-Dir - straight line, f/p - deep elf pyromancer
Aim: a deep elf pyromancer, wielding a +0 long sword and wearing a +0 ring mail (heavily wounded, poisoned, weak, chance to affect: 95%)
The deep elf pyromancer's mind is blasted!!
You blow up the deep elf pyromancer!
The liquid fire burns you!
You die...
Your body crumbles into a pile of gold.

#..# .# # #..# .#≈###
#..# .#≈#.. #..#
##..≈... ##
#..###...~.# .##
#........~.# ..#
#.......###
..#######.......######
..#....:#...$...@....#
..##.#..#.......>....#
..#.#.#.#...(..)######
..#.##..#..?.$..#
......#.#.$.....#
..#.#####.......#
............<...######
.$........$..........#
.$#.#####............#


There were no monsters in sight!

Vanquished Creatures
  2 hydras
  An ogre mage (D:14)
  Harold (D:11)
  A centaur warrior (D:14)
  5 two-headed ogres
  A boulder beetle (D:6)
  A skeletal warrior (D:14)
  An arcanist (D:13)
  A phantasmal warrior (D:10)
  2 deep elf pyromancers (D:14)
  An orc knight (D:14)
  5 ugly things
  Pikel (D:5)
  4 cyclopes
  Maurice (D:8)
  A guardian serpent (D:10)
  Joseph (D:8)
  A molten gargoyle (D:13)
  2 centaur skeletons (D:14)
  11 gargoyles
  An unseen horror (D:11)
  Jeremiah (D:7)
  Maggie (D:10)
  An efreet (D:13)
  3 yaktaurs (D:12)
  A troll (shapeshifter) (D:14)
  A queen bee (D:10)
  7 trolls
  6 slime creatures
  A wyvern (D:8)
  5 yaks
  5 shadows
  2 wraiths (D:13)
  A vampire (D:10)
  3 steam dragons
  2 basilisks
  2 acid dragons
  2 water moccasins
  3 sky beasts
  A meliai simulacrum (D:14)
  An ice beast (D:6)
  2 black bears
  6 orc warriors
  3 ogres (D:14)
  6 centaurs
  A lemure (D:5)
  A phantom (D:6)
  5 kobold brigands
  2 bullfrogs
  4 gnoll sergeants
  3 scorpions
  21 wights
  16 killer bees
  7 howler monkeys
  7 jellies
  A bombardier beetle (D:5)
  Crazy Yiuf (D:2)
  2 gnoll boudas
  6 hounds
  5 orc priests
  3 iguanas
  19 orc wizards
  2 boggart skeletons (D:14)
  Robin (D:4)
  10 adders
  8 gnolls
  4 white imps
  2 ufetubi (D:6)
  7 ribbon worms
  3 dart slugs
  45 orcs
  9 ball pythons
  4 bats
  9 endoplasms
  3 giant cockroaches
  11 goblins
  10 hobgoblins
  10 jackals
  2 quokkas
  4 frilled lizards
  23 kobolds
  7 rats
389 creatures vanquished.

Notes
Turn   | Place    | Note
-------+----------+-------------------------------------------
     0 | D:1      | cheolkong the Gnoll Alchemist began the quest for the Orb.
     0 | D:1      | Reached XP level 1. HP: 13/13 MP: 6/6
   212 | D:1      | Reached XP level 2. HP: 19/19 MP: 4/7
   310 | D:1      | Learned a level 2 spell: Mercury Vapours
  1069 | D:2      | Found the +5 robe of Misfortune {Harm *Corrode *Slow EV+5}
  1172 | D:2      | Reached skill level 5 in Spellcasting
  1172 | D:2      | Reached XP level 3. HP: 25/25 MP: 6/9
  1215 | D:2      | Reached skill level 1 in Fighting
  1215 | D:2      | Reached skill level 1 in Short Blades
  1215 | D:2      | Reached skill level 1 in Long Blades
  1215 | D:2      | Reached skill level 1 in Axes
  1215 | D:2      | Reached skill level 1 in Maces & Flails
  1215 | D:2      | Reached skill level 1 in Polearms
  1215 | D:2      | Reached skill level 1 in Staves
  1215 | D:2      | Reached skill level 1 in Ranged Weapons
  1215 | D:2      | Reached skill level 1 in Throwing
  1215 | D:2      | Reached skill level 1 in Armour
  1215 | D:2      | Reached skill level 1 in Shields
  1215 | D:2      | Reached skill level 1 in Unarmed Combat
  1215 | D:2      | Reached skill level 1 in Invocations
  1215 | D:2      | Reached skill level 1 in Evocations
  1298 | D:2      | Reached skill level 1 in Shapeshifting
  1298 | D:2      | Reached XP level 4. HP: 32/32 MP: 9/11
  1403 | D:2      | Found a runed translucent door.
  1404 | D:2      | Noticed Crazy Yiuf
  1793 | D:2      | Killed Crazy Yiuf
  1794 | D:2      | Reached skill level 1 in Hexes
  1794 | D:2      | Reached skill level 1 in Summonings
  1794 | D:2      | Reached skill level 1 in Necromancy
  1794 | D:2      | Reached skill level 1 in Translocations
  1794 | D:2      | Reached skill level 1 in Fire Magic
  1794 | D:2      | Reached skill level 1 in Ice Magic
  1794 | D:2      | Reached skill level 1 in Air Magic
  1794 | D:2      | Reached skill level 1 in Earth Magic
  1847 | D:3      | Reached XP level 5. HP: 20/37 MP: 6/12
  2197 | D:3      | Found an opulent altar of Gozag.
  2234 | D:3      | Became a worshipper of Gozag Ym Sagoz the Greedy
  2624 | D:3      | Found Fuidwuup's Assorted Antiques.
  3019 | D:4      | Reached skill level 5 in Dodging
  3019 | D:4      | Reached XP level 6. HP: 42/44 MP: 9/14
  3265 | D:4      | Found Iremmyse's Weapon Boutique.
  3384 | D:4      | Noticed Robin
  3467 | D:4      | Killed Robin
  3745 | D:4      | Found a stormy altar of Qazlal.
  3753 | D:4      | Found a glowing silver altar of Zin.
  3851 | D:5      | Entered Level 5 of the Dungeon
  3894 | D:5      | Noticed a black bear
  3908 | D:4      | Killed a black bear
  3909 | D:4      | Reached XP level 7. HP: 50/51 MP: 9/15
  4242 | D:5      | Reached skill level 5 in Stealth
  4355 | D:5      | Noticed Pikel
  4380 | D:5      | Killed Pikel
  4381 | D:5      | Reached skill level 6 in Spellcasting
  4381 | D:5      | Reached XP level 8. HP: 57/58 MP: 6/17
  4506 | D:5      | Learned a level 3 spell: Mephitic Cloud
  4511 | D:5      | Learned a level 4 spell: Olgreb's Toxic Radiance
  5622 | D:7      | Reached XP level 9. HP: 35/65 MP: 8/18
  6062 | D:6      | Reached skill level 5 in Invocations
  6313 | D:6      | Noticed a boulder beetle
  6321 | D:6      | Killed a boulder beetle
  6322 | D:6      | Reached skill level 5 in Fighting
  6322 | D:6      | Reached skill level 5 in Short Blades
  6322 | D:6      | Reached skill level 5 in Long Blades
  6322 | D:6      | Reached skill level 5 in Axes
  6322 | D:6      | Reached skill level 5 in Maces & Flails
  6322 | D:6      | Reached skill level 5 in Polearms
  6322 | D:6      | Reached skill level 5 in Staves
  6322 | D:6      | Reached skill level 5 in Ranged Weapons
  6322 | D:6      | Reached skill level 5 in Throwing
  6322 | D:6      | Reached skill level 5 in Armour
  6322 | D:6      | Reached skill level 5 in Shields
  6322 | D:6      | Reached skill level 5 in Unarmed Combat
  6322 | D:6      | Reached skill level 7 in Spellcasting
  6322 | D:6      | Reached skill level 5 in Evocations
  6322 | D:6      | Reached XP level 10. HP: 73/74 MP: 10/20
  6462 | D:6      | Found a staircase to the Ecumenical Temple.
  6835 | D:6      | Found an iron altar of Okawaru.
  7411 | D:7      | Found a radiant altar of Vehumet.
  7686 | D:7      | Reached skill level 5 in Conjurations
  7764 | D:7      | Noticed Jeremiah
  7783 | D:7      | Killed Jeremiah
  7784 | D:7      | Reached skill level 5 in Shapeshifting
  8088 | D:7      | Found a burning altar of Makhleb.
  8640 | D:8      | Noticed Maurice
  8654 | D:8      | Something stole a +3 flail of protection
  8655 | D:8      | Something stole an amulet of guardian spirit
  8657 | D:8      | Something stole an orb of guile
  8680 | D:8      | Killed Maurice
  9159 | D:8      | Reached skill level 5 in Hexes
  9159 | D:8      | Reached skill level 5 in Summonings
  9159 | D:8      | Reached skill level 5 in Necromancy
  9159 | D:8      | Reached skill level 5 in Translocations
  9159 | D:8      | Reached skill level 5 in Fire Magic
  9159 | D:8      | Reached skill level 5 in Ice Magic
  9159 | D:8      | Reached skill level 5 in Air Magic
  9159 | D:8      | Reached skill level 5 in Earth Magic
  9164 | D:8      | Reached XP level 11. HP: 81/81 MP: 20/22
  9175 | D:8      | Noticed Joseph
  9187 | D:8      | Killed Joseph
  9188 | D:8      | Reached skill level 8 in Spellcasting
  9651 | D:9      | Found a staircase to the Orcish Mines.
 10126 | D:9      | Noticed a two-headed ogre
 10134 | D:9      | Killed a two-headed ogre
 10186 | D:9      | Noticed a two-headed ogre
 10194 | D:9      | Killed a two-headed ogre
 10585 | D:9      | Noticed a two-headed ogre
 10596 | D:9      | Killed a two-headed ogre
 10658 | D:9      | Found a broken altar of Ashenzari.
 10737 | Orc:1    | Entered Level 1 of the Orcish Mines
 10792 | D:10     | Entered Level 10 of the Dungeon
 10813 | D:10     | Noticed a phantasmal warrior
 10994 | D:10     | Noticed a two-headed ogre
 11003 | D:10     | Killed a two-headed ogre
 11173 | D:10     | Noticed Maggie
 11191 | D:10     | Killed Maggie
 11746 | D:10     | Killed a phantasmal warrior
 11836 | D:10     | Noticed a white ugly thing
 11863 | D:10     | Reached XP level 12. HP: 50/91 MP: 11/24
 12209 | D:10     | Found the +3 pair of seven-league boots {Rampage+∞}
 12623 | D:11     | Found a staircase to the Lair.
 12628 | D:11     | Reached skill level 9 in Spellcasting
 12786 | D:11     | Found a runed translucent gate.
 12786 | D:11     | Found a runed translucent gate.
 12787 | D:11     | Found a runed translucent gate.
 12790 | D:11     | Noticed KillerQueen's ghost (journeyman MiFi)
 13185 | D:11     | Noticed Harold
 13197 | D:11     | Killed Harold
 13869 | D:12     | HP: 1/91 [yaktaur/bolt (12)]
 14803 | D:13     | Found a shimmering blue altar of Sif Muna.
 15440 | D:13     | Noticed a six-headed hydra
 16251 | D:13     | Learned a level 4 spell: Sticky Flame
 16281 | D:13     | Reached XP level 13. HP: 69/98 MP: 21/26
 17456 | D:14     | Reached skill level 10 in Spellcasting
 17544 | D:14     | Paralysed by an ogre mage for 3 turns
 17550 | D:14     | Paralysed by something for 3 turns
 17555 | D:14     | Paralysed by something for 3 turns
 17923 | D:14     | Found a gate to the Vaults.
 18187 | D:14     | Incinerated by a deep elf pyromancer

Illustrated notes

Levels and vault maps discovered:
D:1:      minmay_arrival_radiant_lines, layout_basic, dreamdust_princess_bridge
D:2:      layout_basic, uniq_crazy_yiuf_cottage
D:3:      kennysheep_six_static_rooms, layout_basic, amcnicky_altar_gilded,
          serial_shops, shop
D:4:      layout_loops_ring, minitemple, serial_shops, kennysheep_mini_moat,
          kennysheep_boxes, uniq_robin
D:5:      layout_gridville, nicolae_wormholes, uniq_pikel
D:6:      kennysheep_windowed_halls, layout_cave_pools,
          mainiacjoe_overflow_brackets, minmay_temple_entry_mist,
          dk_rats_in_the_wall
D:7:      layout_basic, kennysheep_mini, mainiacjoe_overflow_surrounded_room,
          serial_library_regret_index_double_sided, kennysheep_generic_room_16,
          uniq_jeremiah
D:8:      layout_basic, uniq_joseph, uniq_maurice
D:9:      layout_roguey, mainiacjoe_overflow_alcove_2, orc_0_dummy,
          onia_ninara_cookie
D:10:     layout_irregular_city, hellmonk_guarded_unrand_seven_league_boots,
          uniq_maggie
D:11:     layout_layer_cave, lair_entry_dummy, ebering_ghost_rock_garden,
          uniq_harold
D:12:     layout_cave_pools
D:13:     gargoyle_guard, layout_basic, nicolae_sif_muna_condensation
D:14:     layout_small_grid, hangedman_vaults_entry_quadrant_bands,
          nicolae_twisty_statue_hallways, serial_rivers,
          chequers_serial_rivers_micro_c, chequers_serial_rivers_micro_a,
          chequers_serial_rivers_micro_c, chequers_serial_rivers_micro_c,
          chequers_serial_rivers_micro_b, chequers_serial_rivers_small_b
Orc:1:    layout_caves

Skill      XL: |  1  2  3  4  5  6  7  8  9 10 11 12 13 |
---------------+----------------------------------------+-----
Conjurations   | 2 3 4 5 6 7 |  7.6
Spellcasting   | 5 6 7 8 9 10 | 10.1
Fighting       | 1 2 3 5 6 7 8 |  8.7
Short Blades   | 1 2 3 5 6 7 8 |  8.7
Long Blades    | 1 2 3 5 6 7 8 |  8.7
Axes           | 1 2 3 5 6 7 8 |  8.7
Maces & Flails | 1 2 3 5 6 7 8 |  8.7
Polearms       | 1 2 3 5 6 7 8 |  8.7
Staves         | 1 2 3 5 6 7 8 |  8.7
Ranged Weapons | 1 2 3 5 6 7 8 |  8.7
Throwing       | 1 2 3 5 6 7 8 |  8.7
Armour         | 1 2 3 5 6 7 8 |  8.7
Shields        | 1 2 3 5 6 7 8 |  8.7
Unarmed Combat | 1 2 3 5 6 7 8 |  8.7
Invocations    | 1 2 3 4 5 6 7 8 9 |  9.6
Evocations     | 1 2 3 5 6 7 8 |  8.7
Shapeshifting  | 1 2 3 4 5 6 7 8 |  8.0
Hexes          | 1 2 3 4 5 6 7 |  7.3
Summonings     | 1 2 3 4 5 6 7 |  7.3
Necromancy     | 1 2 3 4 5 6 7 |  7.3
Translocations | 1 2 3 4 5 6 7 |  7.3
Fire Magic     | 1 2 3 4 5 6 7 |  7.3
Ice Magic      | 1 2 3 4 5 6 7 |  7.3
Air Magic      | 1 2 3 4 5 6 7 |  7.3
Earth Magic    | 1 2 3 4 5 6 7 |  7.3
Dodging        | 5 6 7 8 9 |  9.9
Stealth        | 5 6 7 8 9 |  9.7
Alchemy        | 6 7 8 9 |  9.2

Action                     |  1- 3 |  4- 6 |  7- 9 | 10-12 | 13-15 || total
---------------------------+-------+-------+-------+-------+-------++-------
  Melee: Bite              |     1 |    10 |    12 |    58 |    36 ||   117
         Unarmed           |     1 |       |       |       |       ||     1
         Quarterstaff      |       |    87 |   138 |   369 |       ||   594
         Scimitar          |       |       |       |    15 |   139 ||   154
   Fire: Sling             |    21 |    17 |       |       |       ||    38
  Throw: Throwing net      |       |       |       |     1 |     2 ||     3
   Cast: Sting             |    25 |    90 |    99 |   158 |    25 ||   397
         Mercury Vapours   |     1 |     6 |    18 |    44 |    15 ||    84
         Olgreb's Toxic Ra |       |       |     5 |    45 |    13 ||    63
         Mephitic Cloud    |       |       |     5 |    13 |     2 ||    20
         Sticky Flame      |       |       |       |     1 |     1 ||     2
  Evoke: Wand              |       |       |       |    12 |     6 ||    18
    Use: Scroll            |       |       |       |     7 |     3 ||    10
         Potion            |       |       |       |     1 |     1 ||     2
   Stab: Distracted        |       |     1 |       |     1 |     1 ||     3
         Paralysed         |       |       |     1 |     3 |       ||     4
         Confused          |       |       |       |     7 |       ||     7
         Petrified         |       |       |       |     1 |       ||     1
         Sleeping          |       |       |       |     1 |     1 ||     2
         Petrifying        |       |       |       |     1 |       ||     1
 Armour: Robe              |     2 |    50 |    67 |   257 |   117 ||   493
  Dodge: Dodged            |     1 |   114 |   166 |   366 |   148 ||   795
